 Dungeon Crawl Stone Soup version 0.28-a0-863-g8cecda6153 (webtiles) character file.

Game seed: 8717221209438672370

29 vineage the Skirmisher (level 3, 28/29 HPs)
             Began as a Demonspawn Gladiator on Nov 18, 2021.
             Quit the game on level 1 of the Dungeon.
             The game lasted 00:01:39 (390 turns).

vineage the Skirmisher (Demonspawn Gladiator)        Turns: 390, Time: 00:01:40

Health: 28/29      AC:  3    Str: 15    XL:     3   Next: 1%
Magic:  3/3        EV:  9    Int:  9    God:
Gold:   8          SH:  7    Dex: 14    Spells: 2/2 levels left

rFire   . . .      SeeInvis .   a - +0 war axe
rCold   . . .      Faith    .   g - +0 kite shield
rNeg    . . .      Spirit   .   b - +0 leather armour
rPois   .          Reflect  .   (helmet restricted)
rElec   .          Harm     .   (no cloak)
rCorr   .          Rampage  .   (no gloves)
Will    .....                   (no boots)
Stlth   +.........              (no amulet)
HPRegen 0.09/turn               (no ring)
MPRegen 0.08/turn               (no ring)

@: no status effects
A: antennae 1, powered by death 1
a: no special abilities


You were on level 1 of the Dungeon.
You visited 1 branch of the dungeon, and saw 1 of its levels.

You collected 8 gold pieces.

Inventory:

Hand Weapons
 a - a +0 war axe (weapon)
Missiles
 d - 3 throwing nets (quivered)
Armour
 b - a +0 leather armour (worn)
 c - a +0 helmet
 g - a +0 kite shield (worn)
Scrolls
 e - 3 scrolls of holy word {unknown}
 f - a scroll of identify {unknown}
 h - 3 scrolls of enchant armour {unknown}


   Skills:
 * Level 3.3 Fighting
 - Level 2.6 Axes
 - Level 1.7 Throwing
 - Level 2.6 Dodging
 + Level 0.4 Stealth
 + Level 0.4 Shields


You had 2 spell levels left.
You didn't know any spells.
Your spell library was empty.

Dungeon Overview and Level Annotations

Branches:
Dungeon (1/15)

Altars:


Innate Abilities, Weirdness & Mutations

You have a pair of small antennae on your head.
You regenerate a little health from kills.


Message History

No target in view!
No target in view!
No target in view!
You see here a jackal corpse.
Found a stone staircase leading down.
Found a curved jewelled staff.
A bat and 3 kobolds come into view.
Found 5 bolts.
The kobold shouts! x2; You hear a shout!
A kobold comes into view. It is wielding a +0 club.
The bat hits you but does no damage.
The kobold moves out of view.
The kobold shouts!
You closely miss the bat. You block the bat's attack.
You slash the bat!
You kill the bat!
You hit the kobold.
You kill the kobold!
You miss the kobold. The kobold barely misses you.
You closely miss the kobold. You hit the kobold.
You kill the kobold!
You block the kobold's attack.
You closely miss the kobold. x2; The kobold hits you with a +0 dagger.
The kobold barely misses you. You block the kobold's attack.
The kobold hits you with a +0 club.
You barely miss the kobold. You slash the kobold!
You kill the kobold!
The kobold hits you but does no damage.
You miss the kobold. The kobold barely misses you. x2
You miss the kobold. You block the kobold's attack.
The kobold hits you with a +0 club.
You hit the kobold but do no damage. You block the kobold's attack.
You slash the kobold!
You kill the kobold!
You have reached level 3!
Your experience leads to an increase in your attributes!
Increase (S)trength, (I)ntelligence, or (D)exterity?
You feel stronger.
Your demonic ancestry asserts itself...
A pair of antennae grows on your head!
Your +0 helmet falls away!
Are you sure you want to abandon this character and quit the game? (Confirm with "yes".)

.# #####.##
#....# ###.##
.# #.....#
#..#.####....#
####.#####
#............#
##...#
#..#####.....#
...### #..#
..#...>.# ####
#..# .##.....#
#..# (|#.#####
#..##)##.#
#...@)...#
##########


There were no monsters in sight!

Vanquished Creatures
  5 bats (D:1)
  An endoplasm (D:1)
  A giant cockroach (D:1)
  A goblin (D:1)
  2 hobgoblins (D:1)
  8 jackals (D:1)
  4 kobolds (D:1)
  2 rats (D:1)
24 creatures vanquished.

Notes
Turn   | Place    | Note
-------+----------+-------------------------------------------
     0 | D:1      | vineage the Demonspawn Gladiator began the quest for the
                  | Orb.
     0 | D:1      | Reached XP level 1. HP: 16/16 MP: 1/1
   144 | D:1      | Found a faded altar of an unknown god.
   151 | D:1      | Gained mutation: You regenerate a little health from kills.
                  | [demonic ancestry]
   151 | D:1      | Reached XP level 2. HP: 23/23 MP: 2/2
   198 | D:1      | Reached skill level 3 in Fighting
   390 | D:1      | Gained mutation: You have a pair of small antennae on your
                  | head. [demonic ancestry]
   390 | D:1      | Reached XP level 3. HP: 28/29 MP: 3/3
   390 | D:1      | Quit the game

Illustrated notes

Levels and vault maps discovered:
D:1:      scummos_arrival_hexagon, layout_rooms, shapermc_ecumenical_altar_venn,
          minmay_split_cup_small

Skill      XL: |  1  2 |
---------------+-------+-----
Fighting       | 3 |  3.3
Axes           | |  2.6
Throwing       | |  1.7
Dodging        | |  2.6
Stealth        | |  0.4
Shields        | |  0.4

Action                   || total
-------------------------++-------
Melee: War axe           ||    49
Armor: Leather armour    ||    24
Dodge: Dodged            ||    38
Block: Kite shield       ||    23

Table legend: (Time is in decaauts)
 A = Elapsed time spent in this place.
 B = Non-inter-level travel time spent in this place.
 C = Inter-level travel time spent in this place.
 D = Time resting spent in this place.
 E = Time spent auto-exploring this place.
 F = Levels seen in this place.
 G = Mean time per level.
                   A        B        C        D        E       F      G
               +--------+--------+--------+--------+--------+-----+--------+
         Total |    418 |    413 |      5 |      0 |    277 |   1 |  418.0 |
       Dungeon |    418 |    413 |      5 |      0 |    277 |   1 |  418.0 |
               +--------+--------+--------+--------+--------+-----+--------+

Top non-repeatable levels by time:
     D:1: 418 daAuts
